 Dungeon Crawl Stone Soup version 0.23-a0-241-g3b46b07 (webtiles) character file.

47 galech the Shield-Bearer (level 3, 0/29 HPs)
             Began as a Demonspawn Fighter on Sept 26, 2018.
             Was an Initiate of Okawaru.
             Slain by a quokka (2 damage)
             ... on level 1 of the Dungeon.
             The game lasted 00:01:43 (851 turns).

galech the Shield-Bearer (Demonspawn Fighter)        Turns: 851, Time: 00:01:44

Health: 0/29       AC:  6    Str: 16    XL:     3   Next: 48%
Magic:  3/3        EV:  6    Int:  9    God:    Okawaru [......]
Gold:   51         SH:  9    Dex: 13    Spells: 2/2 levels left

rFire    . . .     SeeInvis .   a - +0 war axe
rCold    . . .     Gourm    .   c - +0 shield
rNeg     . . .     Faith    .   b - +0 scale mail
rPois    .         Spirit   .   (no helmet)
rElec    .         Reflect  .   (no cloak)
rCorr    .         Harm     .   (no gloves)
MR       .....                  (no boots)
Stlth    ..........             (no amulet)
HPRegen  0.09/turn              (no ring)
MPRegen  0.08/turn              (no ring)

@: no status effects
A: hooves 1
a: Renounce Religion


You were on level 1 of the Dungeon.
You worshipped Okawaru.
Okawaru was noncommittal.
You were not hungry.

You visited 1 branch of the dungeon, and saw 2 of its levels.

You collected 51 gold pieces.

Inventory:

Hand Weapons
 a - a +0 war axe (weapon)
Armour
 b - a +0 scale mail (worn)
 c - a +0 shield (worn)
Scrolls
 e - a scroll of amnesia {unknown}
 g - 3 scrolls of identify {unknown}
 k - 2 scrolls of magic mapping {unknown}
Potions
 d - a potion of might
 i - a potion of resistance {unknown}
 j - a potion of heal wounds {unknown}
 l - 2 potions of haste {unknown}
Comestibles
 f - 3 rations
 h - a chunk of flesh


   Skills:
 + Level 3.3 Fighting
 + Level 2.4 Axes
 + Level 2.8 Armour
 + Level 3.3 Shields


You had 2 spell levels left.
You didn't know any spells.
Your spell library was empty.

Dungeon Overview and Level Annotations

Branches:
Dungeon (2/15)

Altars:
Elyvilon
Okawaru
Vehumet
Zin


Innate Abilities, Weirdness & Mutations

You have large cloven feet.


Message History

The quokka bites you but does no damage.
The quokka bites you.
* * * LOW HITPOINT WARNING * * *
There is an open door here.
The quokka bites you but does no damage.
You block the quokka's attack.
There is a stone staircase leading up here.
The quokka bites you.
* * * LOW HITPOINT WARNING * * *
You climb upwards.
There is a stone staircase leading down here.
You miss the quokka. Your kick misses the quokka. The quokka barely misses you.
You block the quokka's attack.
You closely miss the quokka.
The quokka bites you but does no damage.
The quokka barely misses you.
You closely miss the quokka.
The quokka bites you but does no damage.
The quokka bites you.
You die...

.#.....##.......[......##.######
.......########.#########.#
..####.........)..........# #.#
#.......#.#.########## #.#
#######.#...# ..# #######.##..#
### #.......##..###
#.########..#.# #### #.#
##@#.### ...# #.# ###r#...# ##.#
#.# #.....#.# #.#
#.#######.#.###.# #.#
#.........#.....# ##.#
################# .[.# ####


You could see a quokka.

Vanquished Creatures
  An adder (D:2)
  2 dart slugs (D:1)
  A leopard gecko (D:1)
  3 giant cockroaches (D:1)
  3 hobgoblins
  5 kobolds
  A quokka (D:2)
  A ball python (D:1)
  3 bats (D:1)
  A frilled lizard (D:1)
  6 goblins
  5 rats
32 creatures vanquished.

Notes
Turn   | Place    | Note
-------+----------+-------------------------------------------
     0 | D:1      | galech the Demonspawn Fighter began the quest for the Orb.
     0 | D:1      | Reached XP level 1. HP: 18/18 MP: 1/1
    95 | D:1      | Gained mutation: You have large cloven feet. [demonic
                  | ancestry]
    95 | D:1      | Reached XP level 2. HP: 21/24 MP: 2/2
   569 | D:2      | Reached XP level 3. HP: 29/29 MP: 3/3
   574 | D:2      | Found a glowing silver altar of Zin.
   699 | D:2      | Found a radiant altar of Vehumet.
   700 | D:2      | Found an iron altar of Okawaru.
   701 | D:2      | Found a white marble altar of Elyvilon.
   707 | D:2      | Became a worshipper of Warmaster Okawaru
   808 | D:2      | Noticed an ogre
   851 | D:1      | Slain by a quokka

Vault maps used:
D:1:      matt_arrival_diagonals
D:2:      grunt_temple_overflow_open, overflow_temple_1_default

Skill      XL: |  1  2 |
---------------+-------+-----
Shields        | 3 |  3.3
Axes           | 2 |  2.4
Fighting       | |  3.3
Armour         | |  2.8

Action                   || total
-------------------------++-------
Melee: War axe           ||   104
       Kick              ||    17
Armor: Scale mail        ||    62
Dodge: Dodged            ||    36
Block: Shield            ||    62

Table legend:
 A = Non-vault XP
 B = Vault XP
 C = Vault XP percentage of total XP
 D = Non-vault monster count
 E = Vault monster count
 F = Vault count percentage of total count
                 A         B        C        D         E       F
            +---------+---------+-------+---------+---------+-------
      Total |      68 |       0 |   0.0 |      32 |       0 |   0.0
            +---------+---------+-------+---------+---------+-------
        D:1 |      38 |       0 |   0.0 |      21 |       0 |   0.0
        D:2 |      30 |       0 |   0.0 |      11 |       0 |   0.0
            +---------+---------+-------+---------+---------+-------
